 Dungeon Crawl Stone Soup version 0.32-a0-338-g4f8ebfe289 (webtiles) character file.

Game seed: 13552326595811547337

161 BearFiend the Sneak (level 5, -6/32 HPs)
             Began as a Vampire Enchanter on Feb 17, 2024.
             Mangled by a gnoll
             ... wielding a +0 spear
              (9 damage)
             ... on level 2 of the Dungeon.
             The game lasted 00:11:17 (2015 turns).

BearFiend the Sneak (Vampire Enchanter)             Turns: 2015, Time: 00:11:18

Health: -6/32      AC:  0    Str:  7    XL:     5   Next: 19%
Magic:  6/8        EV: 12    Int: 17    God:
Gold:   64         SH:  0    Dex: 17    Spells: 6/8 levels left

rFire   x . .        a - +1 dagger
rCold   + + +        (no shield)
rNeg    + + +        (no body armour)
rPois   ∞            (no helmet)
rElec   .            (no cloak)
rCorr   .            (no gloves)
SInv    +            (no boots)
Will    +....        (no amulet)
Stlth   +++++        d - ring of willpower
HPRegen 0.00/turn    n - ring of ice
MPRegen 0.11/turn

%: no passive effects
@: bloodless, inhibited regen
A: bloodless, fangs 3, see invisible, vampiric 2
a: Bat Form, Revivify


You were on level 2 of the Dungeon.
You visited 1 branch of the dungeon, and saw 2 of its levels.

You collected 64 gold pieces.

Inventory:

Hand Weapons
 a - a +1 dagger (weapon)
Missiles
 k - 4 poisoned darts
Armour
 c - a +0 ring mail
Jewellery
 d - a ring of willpower (left hand)
 e - a +6 ring of intelligence
 f - a +6 ring of intelligence
 n - a ring of ice (right hand)
Scrolls
 i - a scroll of immolation {unknown}
 j - 2 scrolls of identify {unknown}
 l - a scroll of revelation {unknown}
 m - a scroll of amnesia {unknown}
Potions
 b - a potion of ambrosia {unknown}
 g - a potion of curing {unknown}
 h - a potion of degeneration {unknown}


   Skills:
 - Level 3.0 Fighting
 - Level 3.0 Short Blades
 - Level 2.1 Dodging
 + Level 6.0 Stealth
 - Level 2.0 Spellcasting
 - Level 4.4 Hexes


You had 6 spell levels left.
You knew the following spells:

 Your Spells              Type           Power      Damage    Failure   Level
w - Ensorcelled Hibernat  Hex/Ice        26%        N/A       12%         2

Your spell library contained the following spells:

 Spells                   Type           Power      Damage    Failure   Level
 Confusing Touch          Hex            16%        N/A       10%         3
 Tukima's Dance           Hex            16%        N/A       10%         3
 Dazzling Flash           Conj/Hex       18%        N/A       24%         3


Dungeon Overview and Level Annotations

Branches:
Dungeon (2/15) Zot: 10015

Altars:


Innate Abilities, Weirdness & Mutations

You do not regenerate when monsters are visible.
You are frail without blood (-20% HP).
You can heal yourself when you bite living creatures.
You are immune to poison.
You have razor-sharp teeth.
You have supernaturally acute eyesight. (SInv)
You are afflicted with vampirism and can become a bat while bloodless.


Message History

Your Stealth skill increases to level 6!
No target in view!
No target in view!
Things that are here:
a +0 club; a jackal skeleton; a jackal skeleton A gnoll is nearby!
Aiming: Ensorcelled Hibernation (safe; 12% risk of failure)
Press: ? - help, Q - select action, (/) - cycle Shift-Dir - straight line, f - gnoll
Aim: a gnoll, wielding a +0 spear (wandering, hasn't noticed you, chance to affect: 55%)
You feel a surge of power!
The gnoll resists with significant effort.
The gnoll hits you from afar with a +0 spear.
Aiming: Ensorcelled Hibernation (safe; 12% risk of failure)
Press: ? - help, Q - select action, (/) - cycle Shift-Dir - straight line, f/p - gnoll
Aim: a gnoll, wielding a +0 spear (chance to affect: 55%)
You feel a surge of power!
The gnoll looks drowsy...
The gnoll shouts! x2
The gnoll hits you with a +0 spear!
Aiming: Ensorcelled Hibernation (safe; 12% risk of failure)
Press: ? - help, Q - select action, (/) - cycle Shift-Dir - straight line, f - gnoll, p - gnoll
Aim: a gnoll, wielding a +1 flail of protection and quivering poisoned darts (chance to affect: 55%)
Okay, then.
The gnoll misses you. The gnoll attacks as it pursues you!
The gnoll hits you from afar with a +0 spear!
* * * LOW HITPOINT WARNING * * *
You see here a jackal skeleton.
The gnoll attacks as it pursues you!
The gnoll hits you from afar with a +0 spear.
* * * LOW HITPOINT WARNING * * *
The gnoll throws a poisoned dart.
The poisoned dart completely misses you.
The gnoll closely misses you. The gnoll misses you.
There is an open door here.
The gnoll throws a poisoned dart.
The poisoned dart misses you.
You close the door.
The gnoll attacks as it pursues you!
The gnoll hits you from afar with a +0 spear!
You die...

.######.##....####.#### ####...##
.# #.÷........#....# #.....##. .#
######...#.#....# #.#...#.. ..
###...#....# #...####' ##..#.)..#
#..##.#.. ......# #..#<÷..#
#..'..'.. #.....#### #..#....#
#..##.#.. #......[.######...####
#.).####'
#........##...#@#.######.....#..
#........+...........).)..##.##.
........##..g#.#..÷.####..#..##
######...g.+.............#..##...
...........#...#.####.##.#..#####
......g#.#...............#...#
....÷..#.###...#######..##.#'####
.......#.##...........#.##.....).
.......#.##...#######.#.##.......


You could see a gnoll.

Vanquished Creatures
  Terence (D:1)
  2 adders (D:2)
  2 dart slugs
  A ribbon worm (D:2)
  2 ball pythons
  3 bats (D:2)
  6 endoplasms
  A giant cockroach (D:1)
  16 goblins
  10 hobgoblins
  8 jackals
  A quokka (D:1)
  3 frilled lizards
  A kobold (D:1)
  2 rats
59 creatures vanquished.

Notes
Turn   | Place    | Note
-------+----------+-------------------------------------------
     0 | D:1      | BearFiend the Vampire Enchanter began the quest for the
                  | Orb.
     0 | D:1      | Reached XP level 1. HP: 13/13 MP: 3/3
   159 | D:1      | Reached XP level 2. HP: 14/15 MP: 5/5
   230 | D:1      | Reached skill level 1 in Fighting
   230 | D:1      | Gained mutation: You are afflicted with vampirism and can
                  | become a bat while bloodless. [Vampire growth]
   230 | D:1      | Reached XP level 3. HP: 3/20 MP: 6/6
   306 | D:1      | Learned a level 2 spell: Ensorcelled Hibernation
   909 | D:2      | Reached XP level 4. HP: 27/27 MP: 7/7
  1040 | D:2      | HP: 1/27 [gnoll/+0 spear (7)]
  1352 | D:2      | Noticed Terence
  1499 | D:1      | Killed Terence
  1500 | D:1      | Reached skill level 5 in Stealth
  1539 | D:2      | Reached XP level 5. HP: 29/32 MP: 8/8
  1953 | D:2      | Reached skill level 6 in Stealth
  2015 | D:2      | Mangled by a gnoll

Illustrated notes

Levels and vault maps discovered:
D:1:      minmay_arrival_five_plusses, layout_basic
D:2:      cheibrodos_greedy_goblins, layout_basic, uniq_terence

Skill      XL: |  1  2  3  4  5 |
---------------+----------------+-----
Short Blades   | 2 3 |  3.0
Fighting       | 1 2 3 |  3.0
Stealth        | 5 6 |  6.0
Dodging        | |  2.1
Spellcasting   | |  2.0
Hexes          | |  4.4

Action                     |  1- 3 |  4- 6 || total
---------------------------+-------+-------++-------
  Melee: Dagger            |    92 |   110 ||   202
         Bite              |     7 |    11 ||    18
   Cast: Ensorcelled Hiber |       |     5 ||     5
Ability: Exsanguinate      |     1 |       ||     1
    Use: Potion            |       |     2 ||     2
   Stab: Sleeping          |     9 |     5 ||    14
         Invisible         |       |     2 ||     2
         Distracted        |       |     1 ||     1
 Armour: Robe              |    27 |    44 ||    71
         Ring mail         |       |    14 ||    14
         Skin              |       |    11 ||    11
  Dodge: Dodged            |    42 |    67 ||   109

Table legend: (Time is in decaauts)
 A = Elapsed time spent in this place.
 B = Non-inter-level travel time spent in this place.
 C = Inter-level travel time spent in this place.
 D = Time resting spent in this place.
 E = Time spent auto-exploring this place.
 F = Levels seen in this place.
 G = Mean time per level.
                   A        B        C        D        E       F      G
               +--------+--------+--------+--------+--------+-----+--------+
         Total |   1983 |   1952 |     31 |    301 |   1117 |   2 |  991.5 |
       Dungeon |   1983 |   1952 |     31 |    301 |   1117 |   2 |  991.5 |
               +--------+--------+--------+--------+--------+-----+--------+

Top non-repeatable levels by time:
     D:2: 1063 daAuts
     D:1: 920 daAuts
